 Dungeon Crawl Stone Soup version 0.30-a0-374-g95c0257040 (webtiles) character file.

Game seed: 8448197183019172764

1155 NinjaNoafa the Ruffian (level 8, 0/74 HPs)
             Began as a Troll Monk on Nov 26, 2022.
             Was a Believer of Wu Jian.
             Slain by a gnoll
             ... wielding a +0 halberd
             ... led by a gnoll bouda
              (7 damage)
             ... on level 5 of the Dungeon.
             The game lasted 00:05:59 (3071 turns).

NinjaNoafa the Ruffian (Troll Monk)                 Turns: 3071, Time: 00:06:01

Health: 0/74       AC:  9    Str: 19    XL:     8   Next: 16%
Magic:  7/7        EV:  9    Int:  5    God:    Wu Jian [**....]
Gold:   173        SH: 10    Dex: 18    Spells: 7/7 levels left

rFire   . . .      SeeInvis .      - Unarmed
rCold   . . .      Faith    .    d - +0 kite shield
rNeg    . . .      Spirit   .    a - +0 robe
rPois   .          Reflect  .    m - +1 hat
rElec   .          Harm     .    (no cloak)
rCorr   .          Rampage  .    (gloves unavailable)
Will    .....                    (boots unavailable)
Stlth   ++........               (no amulet)
HPRegen 1.12/turn                (no ring)
MPRegen 0.10/turn                (no ring)

@: weakened, flying
A: large, unfitting armour, claws 3, regeneration 1, shaggy fur 1, tough skin 1,
iridescent scales 2, agile 1
a: Renounce Religion, Wall Jump


You were on level 5 of the Dungeon.
You worshipped Wu Jian.
Wu Jian was pleased with you.
You visited 2 branches of the dungeon, and saw 6 of its levels.

You collected 173 gold pieces.

Inventory:

Missiles
 c - 34 stones
 k - 3 poisoned darts
Armour
 a - a +0 robe (worn)
 d - a +0 kite shield (worn)
 m - a +1 hat (worn)
Scrolls
 f - a scroll of identify
 j - a scroll of noise
 p - a scroll of amnesia {unknown}
 q - a scroll of magic mapping {unknown}
Potions
 e - a potion of attraction
 n - a potion of lignification {unknown}
 o - a potion of mutation
 r - a potion of might {unknown}


   Skills:
 - Level 2.4 Fighting
 - Level 2.4 Dodging
 - Level 1.0 Stealth
 + Level 6.0 Shields
 + Level 7.5 Unarmed Combat


You had 7 spell levels left.
You didn't know any spells.
Your spell library contained the following spells:

 Spells                   Type           Power      Damage    Failure   Level
 Magic Dart               Conj           0%         1d3       75%         1
 Summon Small Mammal      Summ           0%         N/A       75%         1
 Call Imp                 Summ           0%         N/A       86%         2
 Call Canine Familiar     Summ           0%         N/A       98%         3
 Mephitic Cloud           Conj/Pois/Air  0%         N/A       98%         3
 Portal Projectile        Hex/Tloc       0%         N/A       98%         3
 Summon Guardian Golem    Hex/Summ       0%         N/A       98%         3
 Tukima's Dance           Hex            0%         N/A       98%         3
 Blade Hands              Tmut           0%         N/A       100%        5


Dungeon Overview and Level Annotations

Branches:
Dungeon (5/15)             Temple (1/1) D:4

Altars:
Ashenzari
Cheibriados
Dithmenos
Elyvilon
Fedhas
Hepliaklqana
Kikubaaqudgha
Makhleb
Ru
Sif Muna
Vehumet
Wu Jian
Xom
Yredelemnul
Zin

Shops:
D:1 :

Annotations:
D:2 1 runed translucent door, Crazy Yiuf


Innate Abilities, Weirdness & Mutations

You are too large for most types of armour.
You have claws for hands.
Your natural rate of healing is unusually fast.
You are covered in fur. (AC +1)
You have tough skin. (AC +1)
You are mostly covered in iridescent scales. (AC +4)
You are agile. (Dex +4, Str/Int -1)


Message History

As you read the scroll labelled DUDAKH CUOV, it crumbles to dust.
It is a scroll of identify.
e - a potion of attraction The gnoll hits you but does no damage.
The gnoll closely misses you. You block the shadow imp's attack.
An iguana comes into view.
You block the white imp's attack. The gnoll barely misses you.
The air fills with toxic fumes!
As you read the scroll labelled JOUNWIALAMU, it crumbles to dust.
It was a scroll of poison.
You block the gnoll's attack. x2
The shadow imp hits you but does no damage.
You block the white imp's attack.
The gnoll hits you from afar with a +0 halberd!
* * * LOW HITPOINT WARNING * * *
As you read the scroll labelled VICLIASIPT, it crumbles to dust.
You hear a loud clanging noise!
It was a scroll of noise.
You hear a loud, deep croak!
You hear a shout!
You hear a bark!
You hear a shout! x2
The gnoll hits you from afar with a +0 spear.
* * * LOW HITPOINT WARNING * * *
The gnoll barely misses you. You block the shadow imp's attack.
The white imp gestures at you. The puff of frost hits you!
* * * LOW HITPOINT WARNING * * *
The gnoll barely misses you.
As you read the scroll labelled KON RUABLI, it crumbles to dust.
The scroll dissolves into smoke.
It was a scroll of fog.
The gnoll hits you but does no damage. You block the gnoll's attack.
You block the shadow imp's attack.
The white imp hits you but does no damage.
The gnoll barely misses you.
It was a potion of flight.
You feel very buoyant.
You fly up into the air.
The gnoll hits you but does no damage. The shadow imp closely misses you.
The white imp gestures at you. You block the puff of frost.
The gnoll hits you from afar with a +0 halberd!
You die...

... . .. §##.#
§§..## #§##§...
§§§§.#
######§§######
..§§§§§g5@§§§#
#§§§§§§g5§§§#
#§§##§gg###§#
#. #§§§....#
.##..##§§§..#.#
......l§§§..#.#
##..##§§§[...#
#...§§§#....#
....##...#.(.(#


You could see a gnoll bouda, 3 gnolls, a white imp and a shadow imp.

Vanquished Creatures
  Grinder (D:3)
  Sigmund (D:3)
  A black bear (D:5)
  2 phantoms
  A scorpion (D:4)
  A jelly (D:4)
  4 hounds
  2 iguanas
  Natasha (thrice) (D:4)
  2 orc wizards (D:4)
  Terence (D:3)
  8 adders
  A gnoll (D:3)
  A worm (D:4)
  5 orcs
  7 ball pythons
  A bat (D:1)
  5 endoplasms (D:1)
  2 giant cockroaches
  6 goblins
  8 hobgoblins
  5 jackals (D:4)
  2 frilled lizards
  5 kobolds
  7 rats
82 creatures vanquished.

Vanquished Creatures (others)
  A withered plant (D:3)
1 creature vanquished.

Grand Total: 83 creatures vanquished

Notes
Turn   | Place    | Note
-------+----------+-------------------------------------------
     0 | D:1      | NinjaNoafa the Troll Monk began the quest for the Orb.
     0 | D:1      | Reached XP level 1. HP: 22/22 MP: 0/0
   175 | D:1      | Reached XP level 2. HP: 29/29 MP: 1/1
   397 | D:1      | Reached skill level 1 in Shields
   490 | D:1      | Found Beruh's Book Shop.
   830 | D:2      | Reached XP level 3. HP: 25/36 MP: 2/2
  1089 | D:2      | Reached skill level 4 in Unarmed Combat
  1191 | D:2      | Found a runed translucent door.
  1192 | D:2      | Noticed Crazy Yiuf
  1215 | D:2      | Found a faded altar of an unknown god.
  1387 | D:3      | Noticed Sigmund
  1399 | D:3      | Killed Sigmund
  1400 | D:3      | Reached skill level 5 in Unarmed Combat
  1400 | D:3      | Reached XP level 4. HP: 33/44 MP: 3/3
  1400 | D:3      | Reached XP level 5. HP: 38/50 MP: 4/4
  1559 | D:3      | Found an ancient bone altar of Kikubaaqudgha.
  1577 | D:3      | Noticed Terence
  1591 | D:3      | Killed Terence
  1606 | D:3      | Reached XP level 6. HP: 40/59 MP: 5/5
  1669 | D:3      | Noticed Grinder
  1700 | D:3      | Paralysed by Grinder for 4 turns
  1714 | D:3      | Killed Grinder
  1802 | D:3      | Found a hazy altar of Hepliaklqana.
  1803 | D:3      | Found a basalt altar of Yredelemnul.
  1803 | D:3      | Found a sacrificial altar of Ru.
  1804 | D:3      | Identified the +1 dagger of Slow Death {venom, Drain rN+
                  | MP+9}
  1936 | D:3      | Reached skill level 6 in Unarmed Combat
  1936 | D:3      | Reached XP level 7. HP: 66/66 MP: 6/6
  2024 | D:3      | Found a shimmering blue altar of Sif Muna.
  2293 | D:4      | Noticed Natasha
  2308 | D:4      | Killed Natasha
  2342 | D:4      | Reached skill level 5 in Shields
  2346 | D:4      | Noticed Natasha
  2351 | D:4      | Killed Natasha
  2412 | D:4      | Found a shadowy altar of Dithmenos.
  2443 | D:4      | Noticed Natasha
  2450 | D:4      | Killed Natasha
  2503 | D:4      | Reached skill level 7 in Unarmed Combat
  2666 | D:4      | Reached XP level 8. HP: 72/74 MP: 7/7
  2700 | D:4      | Found a staircase to the Ecumenical Temple.
  2855 | Temple   | Entered the Ecumenical Temple
  3021 | Temple   | Became a worshipper of the Wu Jian Council
  3021 | Temple   | Reached * piety under Wu Jian
  3021 | Temple   | Reached ** piety under Wu Jian
  3045 | D:5      | Entered Level 5 of the Dungeon
  3066 | D:5      | Gained mutation: You are partially covered in iridescent
                  | scales. (AC +2) [potion of mutation]
  3066 | D:5      | Gained mutation: You are mostly covered in iridescent
                  | scales. (AC +4) [potion of mutation]
  3066 | D:5      | Gained mutation: You are agile. (Dex +4, Str/Int -1)
                  | [potion of mutation]
  3071 | D:5      | Slain by a gnoll

Illustrated notes

Levels and vault maps discovered:
D:1:      dpeg_arrival_pits, layout_loops_corners, serial_shops, shop
D:2:      layout_basic, dreamdust_ecumenical_altar_sealed_demon,
          lemuel_flame_loot_1, uniq_crazy_yiuf_cottage
D:3:      layout_loops_cross, kiku_gazebo_garden_becter, led_sif_pool,
          chequers_temple_overflow_statue_of_worship, cheibrodos_gnoll_hut,
          uniq_terence, uniq_sigmund, uniq_grinder
D:4:      layout_rooms, nicolae_dithmenos_shadow_blocks,
          minmay_temple_entry_trees, uniq_natasha
D:5:      layout_loops_ring, grunt_temple_overflow_bloody_war,
          grunt_gozag_statues, nicolae_ossuary_entry_ruins, uniq_prince_ribbit1
Temple:   hellmonk_temple_forest_ring

Skill      XL: |  1  2  3  4  5  6  7  8 |
---------------+-------------------------+-----
Shields        | 1 3 4 5 6 |  6.0
Unarmed Combat | 5 6 7 |  7.5
Fighting       | |  2.4
Dodging        | |  2.4
Stealth        | |  1.0

Action                   |  1- 3 |  4- 6 |  7- 9 || total
-------------------------+-------+-------+-------++-------
Melee: Unarmed           |    82 |    59 |   117 ||   258
Throw: Stone             |       |     6 |     6 ||    12
       Dart              |       |     4 |     2 ||     6
       Javelin           |       |       |     4 ||     4
Invok: Whirlwind         |       |       |     4 ||     4
       Lunge             |       |       |     1 ||     1
  Use: Potion            |     1 |       |     5 ||     6
       Scroll            |       |       |     4 ||     4
 Stab: Sleeping          |     1 |     1 |     1 ||     3
Armor: Robe              |    22 |    16 |    59 ||    97
Dodge: Dodged            |    22 |    27 |    61 ||   110
Block: Kite shield       |    22 |    22 |    85 ||   129

Table legend: (Time is in decaauts)
 A = Elapsed time spent in this place.
 B = Non-inter-level travel time spent in this place.
 C = Inter-level travel time spent in this place.
 D = Time resting spent in this place.
 E = Time spent auto-exploring this place.
 F = Levels seen in this place.
 G = Mean time per level.
                   A        B        C        D        E       F      G
               +--------+--------+--------+--------+--------+-----+--------+
         Total |   3092 |   2893 |    199 |      0 |   2201 |   6 |  515.3 |
       Dungeon |   2917 |   2749 |    168 |      0 |   2067 |   5 |  583.4 |
        Temple |    174 |    143 |     31 |      0 |    134 |   1 |  174.0 |
               +--------+--------+--------+--------+--------+-----+--------+

Top non-repeatable levels by time:
     D:3: 868 daAuts
     D:1: 778 daAuts
     D:2: 638 daAuts
     D:4: 604 daAuts
  Temple: 174 daAuts
     D:5: 28 daAuts
